[ PARTIDA AOE2 · #480056754 ]
1v1 RMEslavos vs Franks
Equipo del jugador · DERR
Equipo rival · VICT
[ ANÁLISIS DE REPETICIÓN · EXTRAÍDO DE LA PARTIDA GRABADA ]
Feudal
11:17
Castillos
25:02
Imperial
—
| APM promedio | 25.5 |
| APM pico | 57 |
| eAPM promedio | 11.5 |
| Aldeanos / militares | 46 / 36 |
Foco
⚔️ 25.8% · 🌾 74.2%
Spearman ×21 · Militia ×5 · Knight ×4 · Boyar ×4 · Monk ×1 · Scout Cavalry ×1
Feudal
10:02
Castillos
24:16
Imperial
—
| APM promedio | 28.4 |
| APM pico | 55 |
| eAPM promedio | 12.8 |
| Aldeanos / militares | 57 / 24 |
Foco
⚔️ 24.4% · 🌾 75.6%
Scout Cavalry ×14 · Knight ×10
Mapa de la partida
Recursos iniciales + cada clic de construcción. Líneas = muros · curvas = relieve. ◆ oro · ⬟ piedra · ● bayas · ✦ reliquia · ◌ hueco del cierre
Tu base· ✓ Cerrada en 25:02 · 71t muro · sin puerta
Base de Darth Vader· ✓ Cerrada en 24:16 · 24t muro · 1 puerta(s)
Terreno inicial suavizado · ◌ = hueco del cierre detectado · pasá el cursor para detalles
Inputs por minuto
— arbyD - - Darth Vader
Build order — arbyD
139 acciones detectadas en el replay
| 0:02 | Crear | Villager (Male) |
| 0:02 | Crear | Villager (Male) |
| 0:04 | Construir | House |
| 0:07 | Construir | House |
| 0:52 | Crear | Villager (Male) |
| 0:52 | Crear | Villager (Male) |
| 1:44 | Crear | Villager (Male) |
| 1:53 | Construir | Lumber Camp |
| 2:09 | Crear | Villager (Male) |
| 2:52 | Crear | Villager (Male) |
| 3:07 | Crear | Villager (Male) |
| 3:22 | Crear | Villager (Male) |
| 3:51 | Construir | Mill |
| 3:54 | Crear | Villager (Male) |
| 4:03 | Construir | House |
| 4:12 | Crear | Villager (Male) |
| 4:44 | Crear | Villager (Male) |
| 5:13 | Crear | Villager (Male) |
| 5:58 | Crear | Villager (Male) |
| 6:06 | Construir | Mining Camp |
| 6:35 | Construir | House |
| 6:51 | Crear | Villager (Male) |
| 7:13 | Crear | Villager (Male) |
| 7:53 | Crear | Villager (Male) |
| 8:38 | Crear | Villager (Male) |
| 9:07 | Investigar | Feudal Age |
| 9:14 | Crear | Villager (Male) |
| 9:30 | Construir | Barracks |
| 9:43 | Construir | Palisade Wall |
| 10:00 | Crear | Villager (Male) |
| 10:03 | Investigar | Loom |
| 10:04 | Crear | Villager (Male) |
| 11:04 | Construir | Palisade Wall |
| 11:12 | Crear | Villager (Male) |
| 11:17 | Edad | Edad Feudal |
| 11:20 | Construir | Farm |
| 11:21 | Construir | Farm |
| 11:24 | Investigar | Horse Collar |
| 11:38 | Construir | Palisade Wall |
| 11:42 | Crear | Militia |
| 11:42 | Crear | Militia |
| 11:43 | Crear | Militia |
| 11:54 | Construir | House |
| 12:17 | Construir | Farm |
| 12:31 | Construir | Blacksmith |
| 12:42 | Investigar | Man-at-Arms (upgrade) |
| 12:53 | Construir | Palisade Wall |
| 13:02 | Crear | Villager (Male) |
| 13:18 | Construir | Farm |
| 13:31 | Construir | Palisade Wall |
| 13:36 | Crear | Villager (Male) |
| 13:37 | Crear | Villager (Male) |
| 13:44 | Construir | Farm |
| 14:02 | Construir | Farm |
| 14:14 | Crear | Villager (Male) |
| 14:19 | Crear | Militia |
| 14:35 | Investigar | Forging |
| 15:07 | Crear | Militia |
| 15:10 | Investigar | Scale Mail Armor |
| 15:19 | Construir | Farm |
| 15:21 | Construir | Farm |
| 15:29 | Construir | Farm |
| 15:30 | Construir | Farm |
| 16:22 | Crear | Villager (Male) |
| 16:23 | Crear | Villager (Male) |
| 16:40 | Construir | Palisade Wall |
| 16:43 | Crear | Villager (Male) |
| 16:50 | Construir | Farm |
| 16:56 | Construir | Farm |
| 17:04 | Crear | Spearman |
| 17:04 | Crear | Spearman |
| 17:05 | Crear | Spearman |
| 17:21 | Construir | Stable |
| 17:28 | Construir | Palisade Wall |
| 17:33 | Crear | Villager (Male) |
| 17:36 | Investigar | Wheelbarrow |
| 17:37 | Crear | Villager (Male) |
| 17:51 | Construir | House |
| 18:01 | Construir | Lumber Camp |
| 18:15 | Construir | Palisade Wall |
| 18:24 | Construir | Palisade Wall |
| 18:28 | Crear | Villager (Male) |
| 18:39 | Construir | Farm |
| 19:36 | Construir | Market |
| 19:44 | Crear | Villager (Male) |
| 19:45 | Crear | Villager (Male) |
| 20:10 | Crear | Spearman |
| 20:10 | Crear | Spearman |
| 20:19 | Crear | Villager (Male) |
| 20:29 | Crear | Spearman |
| 21:02 | Crear | Spearman |
| 21:23 | Crear | Spearman |
| 21:53 | Construir | Palisade Wall |
| 22:19 | Construir | Farm |
| 22:19 | Construir | Farm |
| 22:22 | Investigar | Castle Age |
| 22:23 | Crear | Villager (Male) |
| 22:23 | Crear | Villager (Male) |
| 22:37 | Crear | Spearman |
| 22:37 | Crear | Spearman |
| 23:21 | Construir | House |
| 23:41 | Crear | Villager (Male) |
| 23:57 | Crear | Spearman |
| 24:26 | Crear | Villager (Male) |
| 24:42 | Crear | Villager (Male) |
| 25:02 | Edad | Edad de los Castillos |
| 25:32 | Construir | Castle |
| 25:38 | Investigar | Pikeman (upgrade) |
| 25:42 | Crear | Knight |
| 26:13 | Crear | Villager (Male) |
| 26:21 | Crear | Knight |
| 26:37 | Crear | Spearman |
| 26:45 | Construir | House |
| 26:52 | Construir | Palisade Wall |
| 27:03 | Crear | Knight |
| 27:57 | Crear | Spearman |
| 28:03 | Crear | Knight |
| 28:05 | Crear | Spearman |
| 28:09 | Crear | Boyar |
| 28:13 | Investigar | Iron Casting |
| 28:25 | Construir | Lumber Camp |
| 28:42 | Construir | Monastery |
| 28:51 | Crear | Spearman |
| 29:07 | Crear | Boyar |
| 30:27 | Crear | Boyar |
| 30:34 | Crear | Monk |
| 30:44 | Crear | Spearman |
| 30:44 | Crear | Spearman |
| 30:46 | Crear | Villager (Male) |
| 30:47 | Crear | Villager (Male) |
| 30:56 | Crear | Spearman |
| 31:10 | Crear | Spearman |
| 31:23 | Crear | Spearman |
| 31:33 | Crear | Boyar |
| 31:37 | Crear | Scout Cavalry |
| 31:48 | Crear | Villager (Male) |
| 31:48 | Crear | Villager (Male) |
| 31:48 | Crear | Villager (Male) |
| 31:52 | Crear | Spearman |
Build order — Darth Vader
148 acciones detectadas en el replay
| 0:01 | Crear | Villager (Male) |
| 0:01 | Crear | Villager (Male) |
| 0:01 | Crear | Villager (Male) |
| 0:02 | Construir | House |
| 0:03 | Construir | House |
| 0:46 | Crear | Villager (Male) |
| 0:46 | Crear | Villager (Male) |
| 1:45 | Construir | Lumber Camp |
| 1:46 | Crear | Villager (Male) |
| 1:46 | Crear | Villager (Male) |
| 2:18 | Crear | Villager (Male) |
| 2:18 | Crear | Villager (Male) |
| 2:18 | Crear | Villager (Male) |
| 2:52 | Crear | Villager (Male) |
| 2:52 | Crear | Villager (Male) |
| 3:11 | Crear | Villager (Male) |
| 3:11 | Crear | Villager (Male) |
| 3:40 | Crear | Villager (Male) |
| 3:41 | Crear | Villager (Male) |
| 4:19 | Construir | Mill |
| 4:23 | Crear | Villager (Male) |
| 4:23 | Crear | Villager (Male) |
| 4:47 | Crear | Villager (Male) |
| 4:48 | Crear | Villager (Male) |
| 4:53 | Construir | House |
| 5:47 | Crear | Villager (Male) |
| 5:47 | Crear | Villager (Male) |
| 6:18 | Crear | Villager (Male) |
| 6:22 | Crear | Villager (Male) |
| 6:22 | Investigar | Loom |
| 7:39 | Investigar | Feudal Age |
| 7:51 | Construir | Lumber Camp |
| 8:47 | Construir | Farm |
| 8:49 | Construir | Farm |
| 8:49 | Construir | Farm |
| 8:49 | Construir | Farm |
| 9:01 | Construir | Farm |
| 9:40 | Construir | Barracks |
| 10:02 | Edad | Edad Feudal |
| 10:03 | Crear | Villager (Male) |
| 10:03 | Crear | Villager (Male) |
| 10:03 | Crear | Villager (Male) |
| 10:09 | Construir | House |
| 10:13 | Investigar | Double-Bit Axe |
| 11:01 | Construir | Stable |
| 11:08 | Crear | Villager (Male) |
| 11:08 | Crear | Villager (Male) |
| 11:29 | Construir | Mining Camp |
| 11:36 | Crear | Villager (Male) |
| 11:37 | Crear | Villager (Male) |
| 11:53 | Construir | Palisade Wall |
| 11:57 | Construir | Palisade Wall |
| 12:01 | Crear | Scout Cavalry |
| 12:01 | Crear | Scout Cavalry |
| 12:02 | Crear | Scout Cavalry |
| 12:02 | Crear | Scout Cavalry |
| 12:23 | Construir | Palisade Wall |
| 12:34 | Construir | House |
| 12:35 | Construir | House |
| 12:40 | Construir | Palisade Wall |
| 12:41 | Construir | Palisade Wall |
| 12:55 | Construir | Palisade Gate |
| 12:59 | Crear | Scout Cavalry |
| 12:59 | Crear | Scout Cavalry |
| 13:00 | Crear | Scout Cavalry |
| 13:00 | Crear | Scout Cavalry |
| 13:57 | Construir | House |
| 13:58 | Construir | House |
| 14:00 | Construir | House |
| 14:03 | Construir | Palisade Wall |
| 14:16 | Crear | Villager (Male) |
| 14:16 | Crear | Villager (Male) |
| 14:21 | Construir | Farm |
| 14:27 | Construir | Farm |
| 14:57 | Construir | Market |
| 15:13 | Construir | Palisade Wall |
| 16:10 | Construir | Farm |
| 16:11 | Construir | Farm |
| 16:11 | Construir | Farm |
| 16:11 | Construir | Farm |
| 16:49 | Construir | House |
| 16:53 | Crear | Scout Cavalry |
| 16:53 | Crear | Scout Cavalry |
| 16:54 | Crear | Scout Cavalry |
| 16:54 | Crear | Scout Cavalry |
| 16:54 | Crear | Scout Cavalry |
| 16:58 | Construir | Farm |
| 16:58 | Construir | Farm |
| 17:11 | Construir | Blacksmith |
| 17:15 | Construir | Palisade Wall |
| 17:29 | Investigar | Gold Mining |
| 17:48 | Construir | Farm |
| 17:49 | Construir | Farm |
| 18:06 | Investigar | Forging |
| 18:07 | Investigar | Scale Barding Armor |
| 18:14 | Construir | Mining Camp |
| 18:19 | Crear | Villager (Male) |
| 18:19 | Crear | Villager (Male) |
| 18:36 | Crear | Scout Cavalry |
| 18:48 | Crear | Villager (Male) |
| 18:48 | Crear | Villager (Male) |
| 19:49 | Construir | House |
| 19:50 | Construir | House |
| 21:36 | Investigar | Castle Age |
| 21:55 | Construir | Stable |
| 21:57 | Construir | Stable |
| 22:41 | Construir | Farm |
| 22:47 | Investigar | Stone Mining |
| 24:16 | Edad | Edad de los Castillos |
| 24:36 | Construir | Town Center |
| 24:41 | Investigar | Husbandry |
| 24:43 | Crear | Knight |
| 24:44 | Crear | Knight |
| 24:44 | Crear | Knight |
| 24:44 | Crear | Knight |
| 24:44 | Crear | Knight |
| 24:45 | Crear | Knight |
| 24:46 | Crear | Knight |
| 24:52 | Investigar | Iron Casting |
| 24:52 | Investigar | Chain Barding Armor |
| 24:54 | Crear | Villager (Male) |
| 24:54 | Crear | Villager (Male) |
| 24:54 | Crear | Villager (Male) |
| 25:22 | Crear | Villager (Male) |
| 25:22 | Crear | Villager (Male) |
| 26:10 | Construir | Farm |
| 26:15 | Investigar | Chain Barding Armor |
| 27:45 | Crear | Villager (Male) |
| 27:46 | Crear | Villager (Male) |
| 27:46 | Crear | Villager (Male) |
| 27:54 | Crear | Villager (Male) |
| 27:54 | Crear | Villager (Male) |
| 27:54 | Crear | Villager (Male) |
| 28:59 | Crear | Knight |
| 29:00 | Crear | Knight |
| 29:00 | Crear | Knight |
| 29:09 | Construir | Monastery |
| 29:13 | Construir | University |
| 30:01 | Construir | House |
| 31:44 | Crear | Villager (Male) |
| 31:45 | Crear | Villager (Male) |
| 31:45 | Crear | Villager (Male) |
| 31:45 | Crear | Villager (Male) |
| 31:46 | Crear | Villager (Male) |
| 31:46 | Crear | Villager (Male) |
| 31:46 | Crear | Villager (Male) |
| 31:47 | Crear | Villager (Male) |
| 31:47 | Crear | Villager (Male) |
Cronología de la partida
| 9:30 | arbyD · first_building Barracks |
| 9:40 | Darth Vader · first_building Barracks |
| 9:43 | arbyD · wall_segment Palisade Wall x7 |
| 10:02 | Darth Vader · age_up feudal |
| 11:01 | Darth Vader · first_building Stable |
| 11:04 | arbyD · wall_segment Palisade Wall x7 |
| 11:17 | arbyD · age_up feudal |
| 11:38 | arbyD · wall_segment Palisade Wall x16 |
| 11:53 | Darth Vader · wall_segment Palisade Wall x4 |
| 11:57 | Darth Vader · wall_segment Palisade Wall x5 |
| 12:23 | Darth Vader · wall_segment Palisade Wall x1 |
| 12:40 | Darth Vader · wall_segment Palisade Wall x1 |
| 12:41 | Darth Vader · wall_segment Palisade Wall x1 |
| 12:53 | arbyD · wall_segment Palisade Wall x6 |
| 13:31 | arbyD · wall_segment Palisade Wall x10 |
| 14:03 | Darth Vader · wall_segment Palisade Wall x4 |
| 15:13 | Darth Vader · wall_segment Palisade Wall x4 |
| 16:40 | arbyD · wall_segment Palisade Wall x9 |
| 17:15 | Darth Vader · wall_segment Palisade Wall x7 |
| 17:21 | arbyD · first_building Stable |
| 17:28 | arbyD · wall_segment Palisade Wall x4 |
| 18:15 | arbyD · wall_segment Palisade Wall x4 |
| 18:24 | arbyD · wall_segment Palisade Wall x3 |
| 21:53 | arbyD · wall_segment Palisade Wall x14 |
| 23:12 | arbyD · first_market_buy 100 stone |
| 24:16 | Darth Vader · age_up castle |
| 24:52 | arbyD · first_market_sell 100 wood |
| 25:02 | arbyD · age_up castle |
| 25:32 | arbyD · first_building Castle |
| 26:52 | arbyD · wall_segment Palisade Wall x1 |
| 28:42 | arbyD · first_building Monastery |
| 29:09 | Darth Vader · first_building Monastery |
| 32:18 | arbyD · resign |
[ ANÁLISIS IA · 1 CRÉDITO ]
¿Qué pasó realmente en esta partida?
Wolo.gg analiza cada decisión: build order, eco, micro, errores típicos por bracket. Análisis personalizado por WhatsApp o Discord en 30 segundos.
Guía civ
Eslavos
Guía mapa
Arabia
Perfil
Jugador #4473229